 Dungeon Crawl Stone Soup version 0.32-a0-39-g5c88369fb2 (webtiles) character file.

Game seed: 11025112797184322975

2743 Gargoyl the Carver (level 9, 0/56 HPs)
             Began as a Gargoyle Berserker on Jan 30, 2024.
             Was an Elder of Trog.
             Slain by a fire elemental (3 damage)
             ... summoned by a deep elf pyromancer
             ... on level 8 of the Dungeon.
             The game lasted 00:09:46 (6145 turns).

Gargoyl the Carver (Gargoyle Berserker)             Turns: 6145, Time: 00:09:47

Health: 0/56       AC: 19    Str: 25    XL:     9   Next: 68%
Magic:  9/9        EV: 11    Int:  8    God:    Trog [****..]
Gold:   379        SH:  0    Dex: 13    Spells: 8/8 levels left

rFire   + + .        b - +5 great sword of Dissatisfaction {holy, *Rage rPois rC+++ Str+4}
rCold   + + +        (shield currently unavailable)
rNeg    + . .        v - +0 scale mail
rPois   ∞            k - +1 helmet
rElec   +            l - +0 cloak
rCorr   +            q - +1 pair of gloves
SInv    .            (no boots)
Will    ++...        (no amulet)
Stlth   +            f - ring of protection from fire
HPRegen 1.29/turn    (no ring)
MPRegen 0.11/turn

%: random rage (20%)
@: on fire, about to teleport, resistant, strong-willed, on berserk cooldown,
regenerating, glowing, studying Short Blades
A: sickness immunity, AC +6, negative energy resistance 1, electricity
resistance, torment resistance 1, petrification resistance
a: Renounce Religion, Berserk, Trog's Hand, Brothers in Arms


You were on level 8 of the Dungeon.
You worshipped Trog.
Trog was greatly pleased with you.
You visited 1 branch of the dungeon, and saw 8 of its levels.

You collected 379 gold pieces.

Inventory:

Hand Weapons
 a - a +2 hand axe of electrocution
 b - the +5 great sword of Dissatisfaction (weapon) {holy, *Rage rPois rC+++ Str+4}
   (You acquired it on level 1 of the Dungeon)

   Str+4:     It affects your strength (+4).
   rC+++:     It renders you almost immune to cold.
   rPois:     It protects you from poison *Rage: It berserks you when you make
   melee attacks (+20% chance).
 h - a +0 war axe
 t - a +1 scythe of venom
Missiles
 g - 8 poisoned darts (quivered)
 n - a throwing net
Armour
 k - a +1 helmet (worn)
 l - a +0 cloak (worn)
 q - a +1 pair of gloves (worn)
 v - a +0 scale mail (worn)
Jewellery
 f - a ring of protection from fire (left hand)
 r - an amulet of faith
Scrolls
 d - a scroll of vulnerability
 e - 3 scrolls of teleportation
Potions
 c - 2 potions of might
 j - 3 potions of enlightenment
 m - a potion of lignification
 p - a potion of resistance
 w - a potion of berserk rage


   Skills:
 + Level 6.5 Fighting
 + Level 9.2 Long Blades
 + Level 3.4 Axes
 + Level 4.6 Armour
 + Level 3.5 Dodging
 + Level 2.2 Stealth


You had 8 spell levels left.
You didn't know any spells.
Your spell library was empty.

Dungeon Overview and Level Annotations

Branches:
Dungeon (8/15)             Temple (0/1) D:4
   Lair: D:8-11

Altars:
Ashenzari
Cheibriados
Elyvilon
Gozag
Kikubaaqudgha
Nemelex Xobeh
Qazlal
Sif Muna
Uskayaw
Vehumet
Wu Jian
Xom

Shops:
D:2 *


Innate Abilities, Weirdness & Mutations

You are immune to sickness and miasma.
Your stone body is resilient. (AC +6)
You are immune to poison.
You resist negative energy. (rN+)
You are resistant to electric shocks. (rElec)
You are resistant to unholy torment.
You are immune to petrification.


Message History

The liquid fire burns you!
You feel yourself speed up. The fire elemental closely misses you.
The deep elf pyromancer hits you but does no damage.
The fire elemental hits you. The fire elemental burns you! You resist.
The deep elf pyromancer mumbles some strange words.
The deep elf pyromancer blinks!
You feel better. The liquid fire burns you! The fire elemental hits you.
The fire elemental burns you! You resist.
As you read the scroll of teleportation, it crumbles to dust.
You feel strangely unstable. The liquid fire burns you!
The fire elemental hits you. The fire elemental burns you! You resist.
* * * LOW HITPOINT WARNING * * *
The deep elf pyromancer closely misses you.
The fire elemental closely misses you.
You feel better. The liquid fire burns you!
* * * LOW HITPOINT WARNING * * *
The fire elemental hits you. The fire elemental burns you! You resist.
* * * LOW HITPOINT WARNING * * *
The deep elf pyromancer hits you but does no damage.
Unknown command.
You feel protected. The liquid fire burns you!
* * * LOW HITPOINT WARNING * * *
The fire elemental closely misses you.
The deep elf pyromancer casts a spell at you.
The pyre arrow hits you.
You are covered in intense liquid fire!
You barely miss the fire elemental. The liquid fire burns you!
* * * LOW HITPOINT WARNING * * *
The fire elemental hits you. The fire elemental burns you! You resist.
* * * LOW HITPOINT WARNING * * *
The deep elf pyromancer hits you with the +3 Elemental Staff {ele, rElec rF+ rC+ AC+3}.
* * * LOW HITPOINT WARNING * * *
The fire elemental hits you. The fire elemental burns you! You resist.
You die...

#.[..# ####........ ...
+....# #....#.......
....##..)####...###......
.....'..)))....##.##.....
###.##...#######...##....
# ###.....##.....##...
#....####...####>
#..>e#..##.##..#
#..##@E..###D.!.
#.##.....###k..
####....## #. ##§##..#'.
##§§§####... ##≈≈§≈§##
.... ### ≈§# .$. ## #≈#
..+


You could see a deep elf pyromancer and a fire elemental (summoned).

Vanquished Creatures
  Grinder (D:3)
  Sigmund (D:6)
  2 steam dragons
  Edmund (D:6)
  A sky beast (D:7)
  2 black bears (D:5)
  An ogre (D:6)
  A centaur (D:5)
  A phantom (D:6)
  3 kobold brigands
  A scorpion (D:4)
  A bullfrog (D:6)
  3 jellies
  4 bombardier beetles
  6 orc priests
  A hound (D:5)
  A gnoll bouda (D:7)
  2 iguanas
  12 orc wizards
  2 sleepcaps
  Robin (D:3)
  8 adders
  4 gnolls (D:7)
  2 white imps (D:6)
  2 ufetubi (D:6)
  2 ribbon worms
  2 dart slugs (D:3)
  27 orcs
  6 endoplasms
  3 giant cockroaches
  18 goblins
  5 hobgoblins
  9 jackals
  12 kobolds
  2 quokkas (D:3)
  7 ball pythons
  A bat (D:1)
  2 frilled lizards
  6 rats
166 creatures vanquished.

Vanquished Creatures (others)
  An orc wizard (D:8)
1 creature vanquished.

Grand Total: 167 creatures vanquished

Notes
Turn   | Place    | Note
-------+----------+-------------------------------------------
     0 | D:1      | Gargoyl the Gargoyle Berserker began the quest for the Orb.
     0 | D:1      | Reached XP level 1. HP: 14/14 MP: 1/1
   145 | D:1      | Reached XP level 2. HP: 14/19 MP: 2/2
   414 | D:1      | Identified a scroll of acquirement
   414 | D:1      | Acquired the +5 great sword of Dissatisfaction {holy, *Rage
                  | rPois rC+++ Str+4}
   775 | D:2      | Reached XP level 3. HP: 23/23 MP: 3/3
   775 | D:2      | Found Vumm's Assorted Antiques.
   868 | D:2      | Found a shimmering altar of Xom.
   970 | D:2      | Reached skill level 1 in Long Blades
  1079 | D:2      | Reached ** piety under Trog
  1505 | D:3      | Reached XP level 4. HP: 28/29 MP: 4/4
  1526 | D:3      | Noticed Robin
  1543 | D:3      | Killed Robin
  1551 | D:3      | Reached skill level 2 in Long Blades
  1620 | D:3      | Noticed Grinder
  1640 | D:3      | Reached XP level 5. HP: 25/33 MP: 5/5
  1678 | D:3      | Killed Grinder
  1679 | D:3      | Reached skill level 3 in Long Blades
  1679 | D:3      | Reached XP level 6. HP: 39/39 MP: 6/6
  1739 | D:3      | Found a broken altar of Ashenzari.
  1801 | D:3      | Reached skill level 4 in Long Blades
  1809 | D:3      | Found a sparkling altar of Nemelex Xobeh.
  2181 | D:4      | Reached XP level 7. HP: 44/44 MP: 7/7
  2273 | D:4      | Found a snail-covered altar of Cheibriados.
  2429 | D:4      | Found a staircase to the Ecumenical Temple.
  2855 | D:5      | Entered Level 5 of the Dungeon
  2861 | D:5      | Reached skill level 5 in Long Blades
  2968 | D:5      | Reached *** piety under Trog
  3041 | D:5      | Found an opulent altar of Gozag.
  3041 | D:5      | Found a white marble altar of Elyvilon.
  3042 | D:5      | Found a hide-covered altar of Uskayaw.
  3152 | D:5      | Found a radiant altar of Vehumet.
  3173 | D:5      | Reached XP level 8. HP: 48/48 MP: 8/8
  3178 | D:5      | Found an ancient bone altar of Kikubaaqudgha.
  3188 | D:5      | Reached skill level 5 in Fighting
  3197 | D:5      | Found a shimmering blue altar of Sif Muna.
  3200 | D:5      | Reached skill level 6 in Long Blades
  3252 | D:5      | Reached skill level 1 in Stealth
  3375 | D:5      | Found an ornate altar of the Wu Jian Council.
  3672 | D:6      | Reached skill level 7 in Long Blades
  4166 | D:6      | Found a stormy altar of Qazlal.
  4225 | D:6      | Reached XP level 9. HP: 55/55 MP: 9/9
  4419 | D:6      | Noticed Edmund
  4419 | D:6      | Noticed Sigmund
  4432 | D:6      | Killed Edmund
  4433 | D:6      | Reached skill level 8 in Long Blades
  4435 | D:6      | Killed Sigmund
  5460 | D:7      | Reached **** piety under Trog
  5835 | D:7      | Reached skill level 9 in Long Blades
  6082 | D:8      | Noticed a rime drake
  6136 | D:8      | Noticed a deep elf pyromancer
  6145 | D:8      | Slain by a fire elemental

Illustrated notes

Levels and vault maps discovered:
D:1:      scummos_arrival_star, layout_loops_ring, hangedman_decor_riveting
D:2:      layout_loops_cross, basic_altar, serial_shops,
          nicolae_shop_dealshenge, minmay_misc_feat_more_columns,
          solitary_fountain
D:3:      layout_basic, nemelex_altar_shiori, mainiacjoe_overflow_chevrons,
          uniq_robin, uniq_grinder
D:4:      layout_basic, slow_altar_2, minmay_temple_entry_antechambers,
          small_statue_intersection
D:5:      layout_rooms, palyth_temple_overflow_mages,
          pdpol_wu_jian_five_deadly_venoms, gammafunk_temple_overflow_forgotten,
          minmay_manual_moon
D:6:      layout_basic, mainiacjoe_overflow_six_doors_small,
          sigmund_edmund_badplayer, uniq_edmund
D:7:      layout_basic, serial_co_window_serial, co_window_of_opportunity_a,
          co_window_paths_b, co_window_of_opportunity_a, co_window_corner_a,
          co_window_paths_a, co_window_paths_a, co_window_paths_a,
          co_window_paths_b, co_window_corner_a, co_window_of_opportunity_b,
          co_window_corner_b, co_window_corner_b, co_window_corner_cb,
          co_window_4corner_a, co_window_paths_d, glass_columns_a,
          serial_park_tiny_2
D:8:      layout_basic, fedhas_ov_isle_minmay, mainiacjoe_overflow_alcove_2,
          corexii_corridor_pit, hangedman_feature_mirror,
          dilly_guarded_unrand_elemental_staff

Skill      XL: |  1  2  3  4  5  6  7  8  9 |
---------------+----------------------------+-----
Axes           | 3 |  3.4
Long Blades    | 1 2 3 4 5 7 9 |  9.2
Dodging        | 2 3 |  3.5
Fighting       | 4 5 6 |  6.5
Armour         | 3 4 |  4.6
Stealth        | 1 2 |  2.2

Action                     |  1- 3 |  4- 6 |  7- 9 || total
---------------------------+-------+-------+-------++-------
  Melee: Hand axe          |    31 |       |       ||    31
         Great sword       |    42 |    98 |   288 ||   428
 Invoke: Trog's Hand       |       |     3 |     5 ||     8
         Berserk           |       |     1 |     2 ||     3
    Use: Scroll            |     9 |       |    13 ||    22
         Potion            |       |       |     3 ||     3
   Stab: Sleeping          |       |       |     1 ||     1
 Armour: Animal skin       |    13 |       |       ||    13
         Leather armour    |    41 |   105 |   182 ||   328
         Scale mail        |       |       |   151 ||   151
  Dodge: Dodged            |    67 |    99 |   265 ||   431

Table legend: (Time is in decaauts)
 A = Elapsed time spent in this place.
 B = Non-inter-level travel time spent in this place.
 C = Inter-level travel time spent in this place.
 D = Time resting spent in this place.
 E = Time spent auto-exploring this place.
 F = Levels seen in this place.
 G = Mean time per level.
                   A        B        C        D        E       F      G
               +--------+--------+--------+--------+--------+-----+--------+
         Total |   6712 |   6432 |    280 |    688 |   4038 |   8 |  839.0 |
       Dungeon |   6712 |   6432 |    280 |    688 |   4038 |   8 |  839.0 |
               +--------+--------+--------+--------+--------+-----+--------+

Top non-repeatable levels by time:
     D:7: 1342 daAuts
     D:6: 1198 daAuts
     D:3: 893 daAuts
     D:5: 829 daAuts
     D:4: 808 daAuts
     D:1: 754 daAuts
     D:2: 714 daAuts
     D:8: 170 daAuts
